[Event "SAIF POWERTEC 45th BAN Ch 2019"]
[Site "Dhaka"]
[Date "2019.11.06"]
[Round "5.12"]
[White "S M Sharon"]
[Black "Zia, Tahsin Tajwar"]
[Result "1/2-1/2"]
[ECO "A11"]
[WhiteElo "2092"]
[BlackElo "2058"]
[Annotator "NA RC"]
[PlyCount "92"]
[EventDate "2019.11.02"]
[EventType "swiss"]
[EventCountry "BAN"]
[SourceTitle "playchess.com"]
[Source "ChessBase"]
[SourceQuality "1"]
[TimeControl "40/5400+30:1800+30"]

1. Nf3 d5 2. g3 Bg4 3. Bg2 e6 4. c4 c6 5. Qb3 Qb6 6. Qxb6 {[%emt 0:00:30] A11: English Opening: 1...c6} (6. d3 Nd7 7. Be3 Qxb3 8. axb3 a6 9. O-O Ngf6 10. Rc1 Be7 11. h3 Bxf3 12. Bxf3 O-O 13. Bg2 {½-½ (40) Wang,Y (2718)-Sargissian,G (2702) Huaian 2016}) 6... axb6 7. d3 Nd7 8. Be3 $146 ({Predecessor:} 8. cxd5 exd5 9. O-O g6 10. Bd2 Ngf6 11. Bc3 Bg7 12. h3 Bxf3 13. Bxf3 {0-1 (77) Xiao,Y (2100)-Khotenashvili,B (2518) China 2015}) 8... Ngf6 9. O-O Bd6 10. Nc3 O-O 11. h3 Bxf3 12. Bxf3 Bc5 13. d4 Bb4 14. cxd5 exd5 15. Rfc1 h6 16. g4 Rfe8 17. Bd2 Bxc3 18. Bxc3 Ne4 19. Bb4 Ng5 20. Kg2 $1 Nf8 21. Bxf8 Kxf8 22. e3 Ra7 23. Bd1 Rea8 24. Bb3 Ne4 25. Rc2 Nd6 26. f3 b5 27. Re1 Nc4 28. e4 Re8 29. a3 Raa8 30. Kf2 Rad8 31. exd5 Rxe1 32. Kxe1 cxd5 33. Kf2 Ke7 34. Re2+ Kd6 35. Bxc4 bxc4 36. Ke1 Ra8 37. Kd2 Ra6 38. Kc2 Rb6 39. Re3 Kd7 40. Re5 Kd6 41. Re3 g5 42. Rc3 Rc6 43. Re3 Rc8 44. Re5 f6 45. Rf5 Ke6 46. f4 Rc6 $11 1/2-1/2

[Event "SAIF POWERTEC 45th BAN Ch 2019"]
[Site "Dhaka"]
[Date "2019.11.06"]
[Round "5.13"]
[White "Hamid, Rani"]
[Black "Nayem, Haque"]
[Result "0-1"]
[ECO "C83"]
[WhiteElo "1916"]
[BlackElo "1911"]
[Annotator "NA RC"]
[PlyCount "104"]
[EventDate "2019.11.02"]
[EventType "swiss"]
[EventRounds "10"]
[EventCountry "BAN"]
[SourceTitle "playchess.com"]
[Source "ChessBase"]
[SourceQuality "1"]
[TimeControl "40/5400+30:1800+30"]

1. e4 e5 2. Nf3 Nc6 3. Bb5 a6 4. Ba4 Nf6 5. O-O Nxe4 6. d4 b5 7. Bb3 d5 8. dxe5 Be6 9. c3 Be7 10. Qe2 Nc5 11. Nd4 Nxd4 12. cxd4 Nxb3 13. axb3 O-O 14. Be3 Qd7 15. Nd2 c5 16. Nf3 c4 17. h3 Bf5 18. Rfc1 cxb3 19. Rc3 Bc2 20. Bd2 b4 21. Re3 Qb5 22. Qe1 a5 23. e6 f6 24. Nh4 f5 25. Nf3 a4 26. Ne5 a3 27. Bc1 Qb6 28. Qd2 f4 29. Rf3 Qxe6 30. Rxf4 Rxf4 31. Qxf4 h6 32. Qd2 Qf5 33. Nc6 Qf6 34. Nxb4 Bxb4 35. Qxb4 Rf8 36. Qe1 a2 37. Be3 Rc8 38. Qb4 Qf5 39. Qb7 Re8 40. Kh2 Kh7 41. Qb4 Re6 42. Qd2 Rg6 43. f3 Bb1 44. Bf4 Qc2 45. Kg1 Qxd2 46. Bxd2 Rc6 47. Kf2 Rc2 48. Ke3 Rxb2 49. g4 Rxd2 50. Kxd2 b2 51. Rxa2 Bxa2 52. Kc2 b1=Q+ 0-1

[Event "SAIF POWERTEC 45th BAN Ch 2019"]
[Site "Dhaka"]
[Date "2019.11.06"]
[Round "5.14"]
[White "Md. Jamal Uddin"]
[Black "Hossain, Delwar"]
[Result "0-1"]
[ECO "D30"]
[WhiteElo "2064"]
[BlackElo "2080"]
[Annotator "NA RC"]
[PlyCount "91"]
[EventDate "2019.11.02"]
[EventType "swiss"]
[EventRounds "10"]
[EventCountry "BAN"]
[SourceTitle "playchess.com"]
[Source "ChessBase"]
[SourceQuality "1"]
[TimeControl "40/5400+30:1800+30"]

1. d4 d5 2. Nf3 Nf6 3. c4 e6 4. Bg5 Nbd7 5. e3 Be7 6. Nbd2 O-O 7. Rc1 dxc4 8. Bxc4 a6 9. a4 b6 10. Bd3 Bb7 11. O-O c5 12. Qe2 Nd5 13. Bxe7 Qxe7 14. Ne4 Rfc8 15. Rfd1 Nb4 16. Bb1 Bd5 17. Nc3 Bb7 18. e4 cxd4 19. Nxd4 Ne5 20. f4 Ng6 21. Qf2 Nf8 22. e5 Qc5 23. Nce2 Qd5 24. Nc3 Qc5 25. Kh1 Nd5 26. Nce2 Qb4 27. b3 Rxc1 28. Rxc1 Rd8 29. Be4 Ng6 30. f5 exf5 31. Bxf5 Ndf4 32. Nxf4 Rxd4 33. Nd3 Rxd3 34. Bxd3 Nxe5 35. Re1 f6 36. Bc2 g6 37. Rd1 Qg4 38. Qg3 Qe2 39. Qh3 Qxc2 40. Rd8+ Kg7 41. Rd7+ Nxd7 42. Qxd7+ Kh6 43. Qh3+ Kg5 44. Qg3+ Kf5 45. h3 Qc1+ 46. Kh2 0-1

[Event "SAIF POWERTEC 45th BAN Ch 2019"]
[Site "Dhaka"]
[Date "2019.11.06"]
[Round "5.15"]
[White "Hossain, Monir"]
[Black "Chowdhury, Sohel"]
[Result "1/2-1/2"]
[ECO "D45"]
[WhiteElo "2050"]
[BlackElo "2068"]
[Annotator "NA RC"]
[PlyCount "30"]
[EventDate "2019.11.02"]
[EventType "swiss"]
[EventRounds "10"]
[EventCountry "BAN"]
[SourceTitle "playchess.com"]
[Source "ChessBase"]
[SourceQuality "1"]
[TimeControl "40/5400+30:1800+30"]

1. d4 d5 2. c4 c6 3. Nf3 Nf6 4. Nc3 e6 5. e3 Nbd7 6. Qc2 Bd6 7. Bd2 O-O 8. e4 dxe4 9. Nxe4 Nxe4 10. Qxe4 Nf6 11. Qh4 Re8 12. O-O-O h6 13. Ne5 Nd7 14. Qe4 Nf6 15. Qf3 c5 1/2-1/2

[Event "SAIF POWERTEC 45th BAN Ch 2019"]
[Site "Dhaka"]
[Date "2019.11.07"]
[Round "6.5"]
[White "Manon, Reja Neer"]
[Black "Chatterjee, Debaraj"]
[Result "1-0"]
[ECO "B92"]
[WhiteElo "1829"]
[BlackElo "2250"]
[Annotator "RC"]
[PlyCount "55"]
[EventDate "2019.11.02"]
[EventType "swiss"]
[EventCountry "BAN"]
[SourceTitle "playchess.com"]
[Source "ChessBase"]
[SourceQuality "1"]
[TimeControl "40/5400+30:1800+30"]

1. e4 c5 2. Nf3 d6 3. d4 cxd4 4. Nxd4 Nf6 5. Nc3 a6 6. Be2 e5 7. Nb3 Be7 8. O-O O-O 9. Be3 Be6 10. f4 exf4 11. Bxf4 Nc6 12. Qe1 d5 13. e5 Qb6+ 14. Kh1 Ne4 15. Bd3 Nc5 16. Nxc5 Qxc5 17. Qg3 Rfe8 18. Rad1 Nb4 19. Be3 Qa5 20. Bf5 Nc6 21. Qh3 Bxf5 22. Qxf5 d4 23. Bxd4 Nxd4 24. Rxd4 Qb6 25. Qxf7+ Kh8 26. Rg4 Bf8 27. Nd5 Qd8 28. Nf6 1-0

[Event "SAIF POWERTEC 45th BAN Ch 2019"]
[Site "Dhaka"]
[Date "2019.11.07"]
[Round "6.6"]
[White "Mehdi Hasan Parag"]
[Black "Ahmed, Sheikh Nasir"]
[Result "1-0"]
[ECO "B88"]
[WhiteElo "2181"]
[BlackElo "2185"]
[Annotator "RC"]
[PlyCount "99"]
[EventDate "2019.11.02"]
[EventType "swiss"]
[EventCountry "BAN"]
[SourceTitle "playchess.com"]
[Source "ChessBase"]
[SourceQuality "1"]
[TimeControl "40/5400+30:1800+30"]

1. e4 c5 2. Nf3 d6 3. d4 cxd4 4. Nxd4 Nf6 5. Nc3 Nc6 6. Bc4 e6 7. Be3 a6 8. Bb3 Na5 9. f4 Qc7 10. Qf3 b5 11. g4 Nxb3 12. axb3 Bb7 13. g5 b4 14. gxf6 bxc3 15. O-O-O gxf6 16. f5 e5 17. Ne2 cxb2+ 18. Kxb2 a5 19. Ra1 a4 20. Bd2 Be7 21. Nc3 a3+ 22. Ka2 d5 23. exd5 Bb4 24. Rac1 Rd8 25. Rhd1 Bxc3 26. Bxc3 Qc5 27. Qg3 Bxd5 28. Bxe5 Ke7 29. Bd4 Qc6 30. Qe3+ Kd7 31. c4 Bf3 32. Bxf6+ Bxd1 33. Rxd1+ Kc8 34. Bxd8 Rxd8 35. Rxd8+ Kxd8 36. Qd4+ Kc8 37. Qd5 Qh6 38. Kxa3 Qxh2 39. Qxf7 h5 40. Qe8+ Kc7 41. Qe7+ Kc6 42. Qe8+ Kc7 43. Qf7+ Kb6 44. Qd5 Qc2 45. Qd6+ Kb7 46. f6 Qc1+ 47. Ka4 Qf1 48. Kb5 h4 49. Qd7+ Kb8 50. f7 1-0

[Event "SAIF POWERTEC 45th BAN Ch 2019"]
[Site "Dhaka"]
[Date "2019.11.07"]
[Round "6.12"]
[White "Hossain, Delwar"]
[Black "S M Sharon"]
[Result "1-0"]
[ECO "A42"]
[WhiteElo "2080"]
[BlackElo "2092"]
[Annotator "NA RC"]
[PlyCount "89"]
[EventDate "2019.11.02"]
[EventType "swiss"]
[EventCountry "BAN"]
[SourceTitle "playchess.com"]
[Source "ChessBase"]
[SourceQuality "1"]
[TimeControl "40/5400+30:1800+30"]

1. d4 d6 2. e4 g6 3. c4 Bg7 4. Nc3 Nc6 5. Be3 e5 6. d5 Nd4 7. Nge2 Bg4 8. f3 {[%emt 0:00:30] A42: Modern Defence: Averbakh Variation} (8. Qa4+ Bd7 9. Qd1 Nxe2 10. Bxe2 f5 11. exf5 gxf5 12. f4 Nf6 13. Bh5+ Kf8 14. fxe5 dxe5 15. O-O Kg8 {0-1 (54) Miljkovic,M (2524)-Tadic,B (2545) Belgrade 2014}) 8... Bxf3 (8... Nxe2 $142 9. Bxe2 Bd7) 9. Qa4+ Qd7 ({Don't go for} 9... b5 $2 10. Nxb5 Kf8 11. gxf3 $18 (11. Bxd4 Bxe2 12. Bxa7 Bxf1 $14) (11. Nexd4 exd4 12. gxf3 dxe3 $11)) (9... Kf8 $16) 10. Qxd7+ Kxd7 11. gxf3 Nc2+ $146 ({Predecessor:} 11... Nxf3+ 12. Kf2 Nd4 13. Bh3+ Kd8 14. Rad1 Nc2 15. Bg5+ Bf6 16. Bxf6+ Nxf6 17. a3 a5 18. Kf3 Re8 19. Rd2 Nd4+ 20. Nxd4 exd4 21. Rxd4 {1-0 (21) Sivic,K (2151)-Gorsek,G (1928) ICCF email 2006}) 12. Kd2 Nxa1 13. Bh3+ {[%emt 0:00:30] Discovered Attack} Kd8 14. Rxa1 Bh6 {[%emt 0:00:30] [#]} (14... Nf6 $142 15. c5 dxc5 16. Bxc5 Nd7) 15. f4 $1 exf4 16. Nxf4 ({Don't take} 16. Bxf4 $6 Bxf4+ 17. Nxf4 Nf6 $16) 16... Bg7 17. Rf1 Ne7 18. Nfe2 Rf8 19. Bg5 h6 20. Bf6 Bxf6 21. Rxf6 Nf5 $2 (21... Ng8 22. Rf1 a6) 22. Bxf5 (22. exf5 $142 Ke7 23. Ne4) 22... Ke7 23. e5 $1 dxe5 24. Ne4 gxf5 25. Rxf5 f6 26. N2g3 c6 27. Nh5 cxd5 28. cxd5 Rg8 29. d6+ Ke6 30. Rxf6+ {[%emt 0:00:30] Double Attack} Kd5 31. Nhg3 Raf8 $2 (31... Rgf8 32. Rg6 Rf4) 32. d7 Rd8 33. Rd6+ $2 (33. Kd3 {mates} Rxd7 34. b4 Rxg3+ 35. hxg3 Rh7 36. Rd6#) 33... Kc4 34. Kc2 h5 35. b3+ Kb5 36. Kc3 b6 37. a4+ Ka5 38. Nxh5 (38. Nf5 $142 Rg1 39. Ne7 Rc1+ 40. Kb2) 38... Rh8 39. Nef6 (39. Nhf6 $142 Rh3+ 40. Rd3 Rxh2 41. Nd6) 39... Ka6 40. Re6 Kb7 41. Rxe5 Kc6 42. Re6+ Kc7 $11 43. Re8 (43. Nf4 Rxd7 44. Nxd7 Kxd7) 43... Rh6 44. Re6 $2 (44. Rxd8 $18 Kxd8 45. Kd4) 44... Rdh8 $2 45. Nf4 $18 (45. Re8 $142 Kb7 46. d8=Q Rxe8 47. Qd7+ Kb8 48. Nxe8 a5 49. Nhf6 b5 50. Nd6) 1-0

[Event "SAIF POWERTEC 45th BAN Ch 2019"]
[Site "Dhaka"]
[Date "2019.11.08"]
[Round "7.4"]
[White "Mohammad Fahad, Rahman"]
[Black "Mehdi Hasan Parag"]
[Result "1-0"]
[ECO "B30"]
[WhiteElo "2250"]
[BlackElo "2181"]
[Annotator "ChessBase"]
[PlyCount "87"]
[EventDate "2019.11.02"]
[EventType "swiss"]
[EventCountry "BAN"]
[SourceTitle "playchess.com"]
[Source "ChessBase"]
[SourceQuality "1"]
[TimeControl "40/5400+30:1800+30"]

1. e4 c5 2. Nf3 Nc6 3. Nc3 e5 4. Bc4 Be7 5. d3 d6 6. Nd2 Nf6 7. Nf1 Nd7 8. Ne3 Nb6 9. O-O O-O 10. Ncd5 Bg5 11. Nxb6 axb6 12. c3 Be6 13. a4 Bxe3 14. Bxe3 d5 15. Bb3 Qd7 16. d4 exd4 17. cxd4 c4 18. Bc2 Nb4 19. Bb1 f5 20. exd5 Nxd5 21. Bd2 b5 22. a5 Ra6 23. Re1 Kh8 24. Qf3 f4 25. Re5 Bg8 26. Be4 Rd6 27. Re1 b4 28. h3 Qd8 29. Rxd5 Bxd5 30. Bxb4 Re8 31. Bxd6 Qxd6 32. Re2 h6 33. Qh5 Re6 34. Bc2 Rxe2 35. Qxe2 f3 36. gxf3 Qf6 37. Qe8+ Bg8 38. Qe3 Qd8 39. Qe5 Qf8 40. Be4 Qb4 41. d5 Qxa5 42. f4 b5 43. d6 Qd2 44. Qe7 1-0

[Event "SAIF POWERTEC 45th BAN Ch 2019"]
[Site "Dhaka"]
[Date "2019.11.08"]
[Round "7.7"]
[White "Chatterjee, Debaraj"]
[Black "Nayem, Haque"]
[Result "*"]
[ECO "E97"]
[WhiteElo "2250"]
[BlackElo "1911"]
[Annotator "RC"]
[PlyCount "59"]
[EventDate "2019.11.02"]
[EventType "swiss"]
[EventCountry "BAN"]
[SourceTitle "playchess.com"]
[Source "ChessBase"]
[SourceQuality "1"]
[TimeControl "40/5400+30:1800+30"]

1. d4 Nf6 2. c4 g6 3. Nc3 Bg7 4. e4 d6 5. Nf3 O-O 6. Be2 e5 7. O-O Nc6 8. d5 Ne7 9. b4 a5 10. bxa5 Rxa5 11. Nd2 Nd7 12. Nb3 Ra8 13. Be3 b6 14. a4 f5 15. f3 Nc5 16. a5 f4 17. Bf2 g5 18. Qc2 Nxb3 19. Qxb3 bxa5 20. c5 Bd7 21. c6 Bc8 22. Qb5 Rf6 23. Rxa5 Rxa5 24. Qxa5 Rh6 25. Rb1 Qe8 26. Rb8 Qh5 27. h3 Bf8 28. Qa8 Bxh3 29. Rxf8+ Kg7 30. Qe8 *

[Event "SAIF POWERTEC 45th BAN Ch 2019"]
[Site "Dhaka"]
[Date "2019.11.08"]
[Round "7.9"]
[White "Ahmed, Sheikh Nasir"]
[Black "Hossain, Delwar"]
[Result "1-0"]
[ECO "B07"]
[WhiteElo "2185"]
[BlackElo "2080"]
[Annotator "ChessBase"]
[PlyCount "185"]
[EventDate "2019.11.02"]
[EventType "swiss"]
[EventCountry "BAN"]
[SourceTitle "playchess.com"]
[Source "ChessBase"]
[SourceQuality "1"]
[TimeControl "40/5400+30:1800+30"]

1. e4 d6 2. d4 Nf6 3. Nc3 g6 4. Bg5 Bg7 5. f4 c6 6. Qd2 h6 7. Bh4 Qa5 8. h3 Nbd7 9. Nf3 a6 10. Bd3 e5 11. O-O exd4 12. Nxd4 O-O 13. Kh1 Nh5 14. Nf3 Re8 15. Rae1 Qb4 16. g4 Nhf6 17. e5 dxe5 18. fxe5 Nh7 19. e6 Rxe6 20. Rxe6 fxe6 21. Nd5 Qxd2 22. Ne7+ Kf8 23. Nxd2+ Bf6 24. Nxg6+ Kg7 25. Bxf6+ Nhxf6 26. Nc4 b5 27. Nd6 Nc5 28. Ne5 Nb7 29. Ne4 Nxe4 30. Bxe4 Nd6 31. Bxc6 Ra7 32. c3 Rc7 33. Kg1 Nc4 34. Nxc4 bxc4 35. Be4 Bb7 36. Re1 Bd5 37. Bxd5 exd5 38. Kf2 Kf6 39. Re2 Rd7 40. Ke3 Ke5 41. Rf2 Re7 42. Kd2 Rb7 43. Kc2 Rb6 44. b3 Rc6 45. b4 Ke4 46. a4 Rg6 47. Rf5 d4 48. cxd4 Kxd4 49. Rf4+ Kd5 50. Kc3 Re6 51. Rd4+ Kc6 52. Rxc4+ Kb6 53. Rd4 Re3+ 54. Rd3 Re6 55. Rg3 a5 56. Rd3 axb4+ 57. Kxb4 Re4+ 58. Kb3 Kc5 59. Rf3 Rb4+ 60. Ka3 Re4 61. Rf5+ Kc4 62. Rh5 Re3+ 63. Kb2 Re2+ 64. Kc1 Kc3 65. Kd1 Re6 66. a5 Kd3 67. Rb5 Rf6 68. Ke1 Ra6 69. Kf2 Ke4 70. Kg3 Ra8 71. Kh4 Kf4 72. Rf5+ Ke4 73. Rf6 Rxa5 74. Rxh6 Ra8 75. Rf6 Ke5 76. Rf5+ Ke6 77. Kg3 Ra3+ 78. Rf3 Ra5 79. h4 Ra1 80. Rb3 Ra6 81. h5 Kf6 82. Kh4 Ra5 83. g5+ Kg7 84. Rb7+ Kh8 85. h6 Ra6 86. Kh5 Ra5 87. Re7 Rb5 88. Kg6 Rb6+ 89. Kf5 Rb8 90. g6 Kg8 91. Re5 Ra8 92. Kg5 Kh8 93. h7 1-0

[Event "SAIF POWERTEC 45th BAN Ch 2019"]
[Site "Dhaka"]
[Date "2019.11.09"]
[Round "8.2"]
[White "Rahman, Taibur"]
[Black "Mohammad Fahad, Rahman"]
[Result "*"]
[ECO "E53"]
[WhiteElo "2196"]
[BlackElo "2247"]
[Annotator "RC"]
[PlyCount "56"]
[EventDate "2019.11.02"]
[EventType "swiss"]
[EventCountry "BAN"]
[SourceTitle "playchess.com"]
[Source "ChessBase"]
[SourceQuality "1"]
[TimeControl "40/5400+30:1800+30"]

1. d4 Nf6 2. c4 e6 3. Nc3 Bb4 4. e3 O-O 5. Bd3 c5 6. Nf3 d5 7. cxd5 exd5 8. dxc5 Bg4 9. O-O Nbd7 10. Ne2 Bxf3 11. gxf3 Ne5 12. Nd4 Bxc5 13. Be2 Qd7 14. b3 Qh3 15. Bb2 Ng6 16. Re1 Bd6 17. f4 Nxf4 18. Bf3 Nd3 19. Bg2 Qxh2+ 20. Kf1 Nxe1 21. Qxe1 Ne4 22. Rd1 Rfd8 23. Qa5 Qh4 24. Bxe4 dxe4 25. Rc1 Rac8 26. Rxc8 Rxc8 27. Qxa7 Qh1+ 28. Ke2 Qb1 *

[Event "SAIF POWERTEC 45th BAN Ch 2019"]
[Site "Dhaka"]
[Date "2019.11.09"]
[Round "8.8"]
[White "Md Emdadul, Haque"]
[Black "Abu Sufian, Shakil"]
[Result "1/2-1/2"]
[ECO "D02"]
[WhiteElo "2070"]
[BlackElo "2254"]
[Annotator "RC"]
[PlyCount "97"]
[EventDate "2019.11.02"]
[EventType "swiss"]
[EventCountry "BAN"]
[SourceTitle "playchess.com"]
[Source "ChessBase"]
[SourceQuality "1"]
[TimeControl "40/5400+30:1800+30"]

1. d4 d5 2. Nf3 Nf6 3. Bf4 c5 4. c3 Qb6 5. Qb3 Nc6 6. e3 c4 7. Qc2 Bf5 8. Qc1 e6 9. Nbd2 Qd8 10. Be2 h6 11. h3 Be7 12. Bh2 O-O 13. O-O Bd6 14. Bxd6 Qxd6 15. Nh4 Bh7 16. f4 b5 17. Nhf3 Nd7 18. g4 g5 19. Ne5 Ncxe5 20. fxe5 Qc7 21. Qe1 f6 22. exf6 Nxf6 23. Nf3 Ne4 24. Ne5 Rxf1+ 25. Bxf1 Rf8 26. Bg2 Nc5 27. Qg3 Na4 28. Rf1 Rxf1+ 29. Bxf1 Kg7 30. Qh2 a5 31. a3 Bg6 32. h4 Nb6 33. Be2 Nc8 34. Bd1 Ne7 35. h5 Be8 36. Bc2 Ng8 37. e4 dxe4 38. Bxe4 Nf6 39. Qe2 b4 40. axb4 axb4 41. Bf3 bxc3 42. bxc3 Nd5 43. Bxd5 exd5 44. Kg2 Qb7 45. Qf3 Qb2+ 46. Kh3 Qd2 47. Kg3 Qe1+ 48. Kh3 Qd2 49. Kg3 1/2-1/2

[Event "SAIF POWERTEC 45th BAN Ch 2019"]
[Site "Dhaka"]
[Date "2019.11.09"]
[Round "8.12"]
[White "Zia, Tahsin Tajwar"]
[Black "Md, Sariatullah"]
[Result "1-0"]
[ECO "B00"]
[WhiteElo "2080"]
[BlackElo "2096"]
[Annotator "NA RC"]
[PlyCount "87"]
[EventDate "2019.11.02"]
[EventType "swiss"]
[EventCountry "BAN"]
[SourceTitle "playchess.com"]
[Source "ChessBase"]
[SourceQuality "1"]
[TimeControl "40/5400+30:1800+30"]

1. d4 b6 2. e4 Bb7 3. Bd3 e6 4. Nd2 c5 5. c3 g6 6. Ne2 cxd4 7. cxd4 Bg7 8. O-O Ne7 9. f4 O-O 10. Nf3 f5 11. e5 Nbc6 12. a3 Rc8 13. Nc3 a6 14. Be3 Na5 15. Nd2 d6 16. Qe2 b5 17. Rac1 Qd7 18. b4 Nac6 19. Nf3 h6 20. Rfd1 Nd8 21. a4 bxa4 22. Bxa6 Rxc3 $2 (22... Bxa6 $14 23. Qxa6 {[%mdl 64] Double Attack} Nf7) 23. Rxc3 Nd5 24. Ra3 Nxb4 25. Bxb7 Nxb7 26. Rb1 Nd5 27. Qa6 Rb8 $2 (27... Nd8 {is a better defense.} 28. Bd2 (28. exd6 Nf7 $18) (28. Qxd6 Qxd6 29. exd6 Nf7 $18) 28... dxe5 29. Nxe5 Bxe5) 28. exd6 (28. Qa7 $142 Qc8 29. exd6) 28... Bf8 29. Bd2 ({Don't take} 29. Qxa4 $6 Qxa4 30. Rxa4 Nc3 $18) 29... Bxd6 30. Rxa4 Kg7 31. Raa1 Nd8 32. Rxb8 Bxb8 33. Ne5 Bxe5 34. fxe5 Nc7 $2 (34... Nc6 35. Rb1 Nde7) 35. Qc4 Nd5 36. Qc5 Nf7 $2 (36... Nc6 37. Ra6 Nde7) 37. Ra8 g5 38. h3 Qe7 39. Qc8 h5 40. Qg8+ $18 Kh6 41. h4 f4 42. Re8 Qd7 43. Rf8 Qa7 44. Rxf7 1-0

[Event "SAIF POWERTEC 45th BAN Ch 2019"]
[Site "Dhaka"]
[Date "2019.11.10"]
[Round "9.5"]
[White "Md., Sharif Hossain"]
[Black "Rahman, Taibur"]
[Result "0-1"]
[ECO "B29"]
[WhiteElo "2148"]
[BlackElo "2196"]
[Annotator "NA"]
[PlyCount "98"]
[EventDate "2019.11.02"]
[EventType "swiss"]
[EventCountry "BAN"]
[SourceTitle "playchess.com"]
[Source "ChessBase"]
[SourceQuality "1"]
[TimeControl "40/5400+30:1800+30"]

1. e4 c5 2. Nf3 Nf6 3. Nc3 d5 4. exd5 Nxd5 5. Bb5+ Bd7 6. Bc4 {[%emt 0:00:00] B29: Sicilian: 2 Nf3 Nf6 (Nimzowitsch Variation)} (6. Ne5 Bxb5 7. Qf3 f6 8. Nxb5 Na6 9. Qh5+ g6 10. Nxg6 hxg6 11. Qxh8 Qd7 12. Nc3 Nab4 13. O-O Nxc2 14. Rb1 {½-½ (54) Caruana,F (2816)-Mamedyarov,S (2808) Leuven 2018}) 6... Nf6 7. Ne5 e6 8. O-O Be7 9. f4 Nc6 10. d3 O-O $146 ({Predecessor:} 10... a6 11. a4 Qc7 12. Nxd7 Qxd7 13. g4 O-O 14. Rf2 Nd5 15. Bd2 Nb6 16. Ba2 Nb4 17. a5 {0-1 (17) Somlai,L (2385)-Young,R (2300) New York 1993}) 11. Qf3 a6 12. a4 Qc7 13. Re1 Nd4 14. Qd1 b5 15. Ba2 Bc6 ({Don't play} 15... bxa4 16. Nxd7 Nxd7 17. Nxa4 $11) 16. Nxc6 Qxc6 17. Ne4 Rad8 18. c3 Nf5 $1 19. Qf3 Qd7 20. axb5 axb5 21. Nxf6+ Bxf6 22. Bb1 b4 23. Bd2 Ne7 24. Qe4 bxc3 25. bxc3 g6 26. Ra4 $2 {[%emt 0:00:00] [#]} (26. Qa4 $17) 26... Nd5 (26... Bd4+ $1 $19 27. cxd4 Qxa4 28. dxc5 Qxe4 29. Rxe4 Rb8) 27. Rc4 (27. Rc1 $17 {was called for.}) 27... Qb5 28. Qe2 {[%emt 0:00:00] [#]} Rc8 (28... Ra8 $1 $19 {is more deadly.} 29. d4 Ra1) 29. Rc1 {[%emt 0:14:00] [#]} (29. d4 $17 {was called for.}) 29... Rfd8 ({Black should try} 29... Ra8 $1 $19 30. Bc2 Ra2) 30. Qd1 Rb8 31. Bc2 Qa5 32. Ra1 Qb6 33. Kh1 Qd6 34. Qc1 Rb7 35. Ra5 Rc8 36. Qa3 ({White should play} 36. d4 $15) 36... Rbc7 37. g3 h5 38. d4 $2 {[%emt 0:00:00] [#]} (38. Qb3 $17 {is a better defense.}) 38... Ne3 $1 {[%emt 0:01:19] Double Attack} 39. Rcxc5 (39. Bxe3 $142 Qd5+ {[%mdl 64] Double Attack} 40. Kg1 Qxc4 41. dxc5) 39... Nxc2 40. Rxc7 Nxa3 41. Rxc8+ Kg7 42. Be3 Qb6 43. Raa8 Qb1+ 44. Kg2 Qe4+ 45. Kf2 Nc2 46. Bd2 Qd3 47. Bc1 Qd1 48. Ba3 Qe1+ 49. Kf3 Qf1+ 0-1

[Event "SAIF POWERTEC 45th BAN Ch 2019"]
[Site "Dhaka"]
[Date "2019.11.10"]
[Round "9.9"]
[White "Chatterjee, Debaraj"]
[Black "Zia, Tahsin Tajwar"]
[Result "0-1"]
[ECO "E08"]
[WhiteElo "2250"]
[BlackElo "2080"]
[Annotator "NA"]
[PlyCount "40"]
[EventDate "2019.11.02"]
[EventType "swiss"]
[EventCountry "BAN"]
[SourceTitle "playchess.com"]
[Source "ChessBase"]
[SourceQuality "1"]
[TimeControl "40/5400+30:1800+30"]

1. d4 d5 2. c4 e6 3. Nf3 Nf6 4. g3 Bb4+ 5. Bd2 Be7 6. Bg2 O-O 7. O-O Nbd7 8. Qc2 Ne4 9. Bf4 c6 10. h4 {[%emt 0:00:15] E08: Closed Catalan: Main Line: 7 Qc2} Ndf6 11. Nbd2 Nxd2 12. Nxd2 {[%emt 0:02:13] White has an edge.} (12. Bxd2 {seems wilder.} b6 13. Ne5 Bb7 14. b4 Nd7 15. Nxd7 Qxd7 16. c5) 12... Nh5 13. e3 $146 ({Predecessor:} 13. Be3 f5 14. Bf3 Qe8 15. Bg5 Nf6 16. e3 b6 17. Rac1 Ba6 {½-½ (43) Meier,G (2648)-Carlsen,M (2843) Karlsruhe/Baden-Baden 2018}) 13... h6 14. Bf3 (14. Nf3 $14) 14... Nxf4 $15 15. exf4 dxc4 16. Qxc4 Bf6 17. Nb3 $1 a5 {With the idea ...a4.} 18. Rfd1 Qb6 19. Nc5 Rd8 ({Don't go for} 19... Qxb2 $2 20. Rab1 $16) 20. Rd2 Qb4 {[%emt 0:00:00] Accuracy: White = 47%, Black = 71%.} 0-1

[Event "SAIF POWERTEC 45th BAN Ch 2019"]
[Site "Dhaka"]
[Date "2019.11.10"]
[Round "9.10"]
[White "Mohammed Abdul, Malek"]
[Black "Md Emdadul, Haque"]
[Result "*"]
[ECO "D06"]
[WhiteElo "2196"]
[BlackElo "2070"]
[Annotator "RC"]
[PlyCount "65"]
[EventDate "2019.11.02"]
[EventType "swiss"]
[EventCountry "BAN"]
[SourceTitle "playchess.com"]
[Source "ChessBase"]
[SourceQuality "1"]
[TimeControl "40/5400+30:1800+30"]

1. d4 Nf6 2. c4 d5 3. cxd5 Nxd5 4. e4 Nb6 5. Nc3 e6 6. Be3 N8d7 7. Nf3 Nf6 8. h3 Bd7 9. Rc1 Bb4 10. Bd3 h6 11. O-O c6 12. Ne5 Be7 13. f4 g6 14. a4 h5 15. a5 Nc8 16. a6 bxa6 17. Na4 O-O 18. Nc5 Bxc5 19. Rxc5 Qb6 20. f5 exf5 21. Bg5 Qxb2 22. Bb1 fxe4 23. Bxf6 Be6 24. d5 Bxh3 25. gxh3 Qa3 26. Rc2 Qe3+ 27. Kh2 cxd5 28. Rg2 Kh7 29. Rf5 Qh6 30. Nxf7 Rxf7 31. Qxd5 Rf8 32. Qd7+ Kg8 33. Ba2+ *